 Dungeon Crawl Stone Soup version 0.28-a0-589-g333b8329f1 (webtiles) character file.

Game seed: 15841346986931245530

126136 jasper the Fencer (level 16, -1/127 HPs)
             Began as a Demonspawn Cinder Acolyte on Oct 3, 2021.
             Was an Elder of Lugonu.
             Killed from afar by an ironbound frostheart (27 damage)
             ... by creeping frost
             ... in an ice cave.
             The game lasted 01:19:26 (36043 turns).

jasper the Fencer (Demonspawn Cinder Acolyte)      Turns: 36043, Time: 01:19:27

Health: -1/127     AC: 26    Str: 17      XL:     16   Next: 43%
Magic:  23/23      EV: 14    Int: 13 (15) God:    Lugonu [****..]
Gold:   101        SH:  9    Dex: 14      Spells: 0/25 levels left

rFire   x . .      SeeInvis .   W - +5 double sword of Death's Door {pain, Int-5 Dex+3}
rCold   + + +      Faith    .   c - +0 buckler
rNeg    . . .      Spirit   .   L - +0 ice dragon scales
rPois   .          Reflect  .   h - +0 helmet
rElec   .          Harm     .   I - +0 cloak {rCorr}
rCorr   +          Rampage  .   n - +1 pair of gloves of the Gloaming {rC+ Dex+2}
Will    +....                   (boots unavailable)
Stlth   ..........              j - amulet of regeneration
HPRegen 1.31/turn               q - +4 ring of slaying
MPRegen 0.18/turn               B - ring of protection from cold

@: mighty, frozen, studying Dodging, very slow
A: talons 3, slimy green scales 2, icemail 1, spiny 2, condensation shield
a: Renounce Religion, Depart the Abyss, Bend Space, Banish, Corrupt


You were in an ice cave.
You worshipped Lugonu.
Lugonu was greatly pleased with you.
You visited 4 branches of the dungeon, and saw 27 of its levels.
You visited the Abyss 2 times.
You also visited: Gauntlet, Ice Cave and Volcano.

You collected 4987 gold pieces.
You spent 4886 gold pieces at shops.

Inventory:

Hand Weapons
 a - a +0 falchion of flaming
 W - the +5 double sword of Death's Door (weapon) {pain, Int-5 Dex+3}
   (You acquired it on level 2 of the Lair of Beasts)

   In the hands of one skilled in necromantic magic, it inflicts extra damage on
   living creatures.
   Int:       It affects your intelligence (-5).
   Dex:       It affects your dexterity (+3).
Missiles
 e - 7 curare-tipped darts
 r - 25 boomerangs
 K - 3 throwing nets
Armour
 c - a +0 buckler (worn)
 h - a +0 helmet (worn)
 l - the +5 plate armour "Atoof" {rF+ Regen+}
   (You bought it in a shop on level 2 of the Orcish Mines)

   rF:        It protects you from fire.
   Regen:     It increases your rate of health regeneration.
 n - the +1 pair of gloves of the Gloaming (worn) {rC+ Dex+2}
   (You bought it in a shop on level 2 of the Orcish Mines)

   Dex:       It affects your dexterity (+2).
   rC:        It protects you from cold.
 I - a +0 cloak of preservation (worn)
 J - a +0 kite shield of poison resistance
 L - +0 ice dragon scales (worn)
 M - +0 swamp dragon scales
Jewellery
 j - an amulet of regeneration (around neck)
 k - a ring of fire
 q - a +4 ring of slaying (left hand)
 t - the ring of Diocasad {rN+ Int+2 Dex+6 SInv}
   (You bought it in a shop on level 2 of the Orcish Mines)

   [ring of dexterity]

   Int:       It affects your intelligence (+2).
   Dex:       It affects your dexterity (+6).
   rN:        It protects you from negative energy.
   SInv:      It lets you see invisible.
 w - a ring of resist corrosion
 B - a ring of protection from cold (right hand)
 O - a ring of flight
 Z - a ring of willpower
Wands
 d - a wand of flame (28)
 y - a wand of mindburst (20)
 F - a wand of iceblast (21)
 U - a wand of digging (14)
 X - a wand of acid (7)
Scrolls
 b - 6 scrolls of identify
 f - 3 scrolls of immolation
 i - 6 scrolls of fog
 s - a scroll of vulnerability
 u - 4 scrolls of teleportation
 v - 2 scrolls of torment
 x - 6 scrolls of enchant armour
 A - a scroll of summoning
 P - 2 scrolls of blinking
 R - a scroll of magic mapping
 T - 3 scrolls of enchant weapon
 V - a scroll of holy word
Potions
 g - 6 potions of curing
 m - a potion of cancellation
 o - 5 potions of brilliance
 p - 5 potions of attraction
 z - 3 potions of magic
 C - a potion of degeneration
 D - 3 potions of flight
 E - 8 potions of haste
 H - a potion of invisibility
 N - 2 potions of resistance {unknown}
 Q - 3 potions of lignification
 Y - 2 potions of might
Miscellaneous
 S - a lightning rod (4/4)


   Skills:
 - Level 12.0 Fighting
 - Level 16.0 Long Blades
 - Level 12.0 Armour
 - Level 12.0 Dodging
 - Level 4.0 Shields
 - Level 5.2 Spellcasting
 + Level 6.5 Hexes
 - Level 5.0 Necromancy
 + Level 6.2 Translocations
 - Level 5.0 Fire Magic
 - Level 10.3 Invocations


You couldn't memorise any spells.
You knew the following spells:

 Your Spells              Type           Power      Damage    Failure   Level
a - Scorch                Fire           32%        2d6       11%         2
b - Animate Skeleton      Necr           32%        N/A       7%          1
c - Vampiric Draining     Necr           8%         2d7       22%         3
d - Blink                 Tloc           N/A        N/A       7%          2
e - Tukima's Dance        Hex            20%        N/A       12%         3
f - Inner Flame           Hex/Fire       18%        N/A       16%         3
g - Apportation           Tloc           38%        N/A       4%          1
h - Manifold Assault      Tloc           19%        N/A       77%         5
i - Silence               Hex/Air        5%         N/A       99%         5

Your spell library contained the following spells:

 Spells                   Type           Power      Damage    Failure   Level
 Slow                     Hex            20%        N/A       6%          2
 Pain                     Necr           64%        1d7       7%          1
 Confusing Touch          Hex            20%        N/A       12%         3
 Lesser Beckoning         Tloc           19%        N/A       13%         3
 Ensorcelled Hibernation  Hex/Ice        22%        N/A       22%         2
 Cause Fear               Hex            10%        N/A       36%         4
 Beastly Appendage        Tmut           6%         N/A       50%         1
 Magic Dart               Conj           12%        1d3       50%         1
 Sting                    Tmut/Pois      12%        1d3       50%         1
 Conjure Flame            Conj/Fire      9%         6-21      52%         3
 Call Imp                 Summ           3%         N/A       65%         2
 Poisonous Vapours        Pois/Air       6%         N/A       65%         2
 Wereblood                Tmut           3%         N/A       65%         2
 Ignite Poison            Fire/Tmut/Pois 7%         N/A       65%         3
 Mephitic Cloud           Conj/Pois/Air  3%         N/A       86%         3
 Ozocubu's Armour         Ice            3%         N/A       86%         3
 Spider Form              Tmut/Pois      1%         N/A       86%         3
 Agony                    Necr           16%        N/A       89%         5
 Excruciating Wounds      Necr           8%         N/A       89%         5
 Sticky Flame             Conj/Fire      9%         2d3       90%         4
 Olgreb's Toxic Radiance  Pois           3%         N/A       99%         4
 Yara's Violent Unravell  Hex/Tmut       5%         3d4       99%         5
 Invisibility             Hex            10%        N/A       99%         6
 Alistair's Intoxication  Tmut/Pois      2%         N/A       100%        5
 Freezing Cloud           Conj/Ice/Air   1%         6-21      100%        5
 Conjure Ball Lightning   Conj/Air       1%         3x3d6     100%        6
 Simulacrum               Ice/Necr       4%         N/A       100%        6
 Ozocubu's Refrigeration  Ice            1%         4d5       100%        7
 Discord                  Hex            10%        N/A       100%        8
 Disjunction              Tloc           9%         N/A       100%        8
 Polar Vortex             Ice            1%         N/A       100%        9


Dungeon Overview and Level Annotations

Branches:
Dungeon (15/15)            Temple (0/1) D:5            Lair (6/6) D:11
 Shoals (0/4) Lair:3        Snake (4/4) Lair:3        Slime (0/5) Lair:6
    Orc (2/2) D:10            Elf (0/3) Orc:2        Vaults (0/5) D:13
 Depths (0/4) D:15          IceCv (1/1)             Volcano (visited)
Gauntlet (visited)

Altars:
Cheibriados
Elyvilon
Fedhas
Gozag
Kikubaaqudgha
Makhleb
Nemelex Xobeh
Uskayaw
Vehumet
Yredelemnul
Zin
Beogh
Jiyva

Shops:
D:3 :   D:11 *   Orc:1 :   Orc:2 [=[!

Annotations:
D:7 exclusion: ice statue
Lair:3 exclusion: oklob plant


Innate Abilities, Weirdness & Mutations

You have claws for feet.
You are mostly covered in slimy green scales. (AC +3)
A meltable icy envelope protects you from harm. (AC +4)
You are mostly covered in sharp spines.
A meltable shield of frost defends you. (SH +4)


Message History

The ice encasing you melts away.
You regained 17 hp, and now have 39/127 hp.
You feel very mighty all of a sudden. The polar bear closely misses you.
The polar bear claws you.
* * * LOW HITPOINT WARNING * * *
The polar bear barely misses you.
Okay, then.
You take 2 damage, and have 37/127 hp.
You barely miss the polar bear.
You claw the polar bear, but do no damage.
The polar bear is heavily wounded.
You hit the polar bear.
The polar bear writhes in agony.
Your kick misses the polar bear.
The polar bear is severely wounded.
You block the polar bear's attack. x2
The polar bear claws you but does no damage.
You slice the polar bear!!
You kill the polar bear!
Lugonu accepts your kill.
The ice dragon bites you but does no damage.
The ice dragon completely misses you. The ice dragon barely misses you.
You slash the ice dragon!
The ice dragon writhes in agony.
The ice dragon is moderately wounded.
You block the ice dragon's attack.
The ice dragon claws you but does no damage.
The ice dragon tramples you but does no damage.
You slice the ice dragon!!
The ice dragon writhes in agony.
You claw the ice dragon.
The ice dragon is severely wounded.
The ironbound frostheart calls freezing cold from the walls.
The frost grips you!! You partially resist.
* * * LOW HITPOINT WARNING * * *
You are encased in ice.
You take 17 damage, and have 24/127 hp.
You slice the ice dragon!!
You kill the ice dragon!
Lugonu accepts your kill.
The ironbound frostheart calls freezing cold from the walls.
The frost grips you!! You partially resist.
You die...

#### ##..#
##..@##
##..#.p# ####
#..##..##
##..##
#..###..#
##....# ##..#
#..## #.....##
#..## ##.†#
.......# ##.#
#[.# .......##
#..# ##.#
..†.....###.##
..


You could see an ironbound frostheart.

Vanquished Creatures
  A nagaraja (Snake:2)
  Aizul (Snake:3)
  An orc warlord (Orc:2)
  An ettin (D:14)
  Josephine (Orc:1)
  A yaktaur captain (D:13)
  Erolcha (Orc:2)
  5 ice dragons (IceCv)
  11 hydras
  2 boulder beetles
  3 ogre magi
  A death knight (D:13)
  7 two-headed ogres
  5 naga warriors
  A catoblepas (D:13)
  4 anacondas
  An ironbound frostheart (IceCv)
  7 death yaks
  2 centaur warriors
  4 tengu warriors (D:15)
  Sonja (Orc:1)
  4 shock serpents
  6 naga sharpshooters
  2 salamander mystics
  A naga ritualist (Snake:4)
  An orange crystal statue (IceCv)
  A wizard (D:15)
  A phantasmal warrior (D:13)
  10 orc sorcerers
  An orc knight (D:10)
  An oklob plant (Lair:4)
  A wolf spider (shapeshifter) (D:15)
  8 ugly things
  6 cyclopes
  3 mana vipers (Snake:3)
  A manticore (D:10)
  5 salamanders
  6 naga magi
  9 elephants
  Maurice (D:9)
  A smoke demon (Volcano)
  16 black mambas
  2 torpor snails (Lair:6)
  A cane toad (shapeshifter) (D:15)
  5 rime drakes
  14 cane toads
  13 komodo dragons
  2 yaktaurs (D:13)
  2 tengu conjurers
  3 freezing wraiths
  3 kobold demonologists
  A polar bear (shapeshifter) (D:13)
  2 red devils (Volcano)
  6 trolls
  3 meliai (D:13)
  12 polar bears
  A tyrant leech (Gauntlet)
  8 hornets
  6 slime creatures
  5 dream sheep
  3 blink frogs (Lair:5)
  A vampire (D:8)
  8 wraiths
  13 spriggans (Lair:6)
  A spriggan (shapeshifter) (D:13)
  47 yaks
  A basilisk (shapeshifter) (D:14)
  20 fire elementals
  5 fire bats (Volcano)
  4 wyverns
  3 basilisks
  2 steam dragons
  11 vampire mosquitoes
  3 wargs
  2 swamp worms (Gauntlet)
  24 nagas
  3 hell hounds (Volcano)
  14 water moccasins
  Duvessa (D:7)
  13 orc warriors
  2 sky beasts
  5 black bears
  An ice beast (D:5)
  3 boggarts (Lair:6)
  16 wolves (Lair:6)
  15 ogres
  3 necrophages (D:10)
  7 centaurs
  7 kobold brigands
  8 bullfrogs
  6 scorpions
  Dowan (D:7)
  5 gnoll sergeants
  A wyvern skeleton (D:7)
  4 small abominations (Gauntlet)
  7 killer bees
  14 wights
  4 howler monkeys
  2 electric eels
  4 bullfrog zombies
  11 centaur zombies
  5 lava snakes (Volcano)
  A quasit (Abyss:3)
  A centaur skeleton (D:5)
  14 orc priests
  2 gnoll shamans
  3 hounds
  2 iguanas
  6 hell rats (Lair:6)
  24 orc wizards
  A hound zombie (D:5)
  A mummy (D:10)
  17 gnolls
  4 adders
  2 white imps
  An adder skeleton (D:4)
  A worm (D:2)
  4 dart slugs
  71 orcs
  8 endoplasms
  3 giant cockroaches (D:2)
  8 goblins
  8 hobgoblins
  2 quokkas (D:1)
  5 ball pythons
  5 bats
  3 frilled lizards
  15 kobolds
  3 rats
760 creatures vanquished.

Vanquished Creatures (collateral kills)
  A minotaur (Gauntlet)
  Harold (D:11)
  An ice dragon (IceCv)
  A death yak (Lair:4)
  A cane toad (Lair:6)
  2 dream sheep (Lair:6)
  An orc (Orc:2)
8 creatures vanquished.

Vanquished Creatures (others)
  3 dancing weapons
  A howler monkey (D:8)
  An orc wizard (Orc:2)
  A bush (Lair:3)
  150 foxfires
  22 fungi
  59 plants
237 creatures vanquished.

Grand Total: 1005 creatures vanquished

Notes
Turn   | Place    | Note
-------+----------+-------------------------------------------
     0 | D:1      | jasper the Demonspawn Cinder Acolyte began the quest for
                  | the Orb.
     0 | D:1      | Reached XP level 1. HP: 18/18 MP: 2/2
   343 | D:1      | Gained mutation: You have sharp toenails. [demonic
                  | ancestry]
   343 | D:1      | Reached XP level 2. HP: 23/24 MP: 3/3
   346 | D:1      | Learned a level 2 spell: Scorch
   448 | D:1      | Found a faded altar of an unknown god.
   966 | D:1      | Reached XP level 3. HP: 29/29 MP: 1/4
   968 | D:1      | Learned a level 1 spell: Animate Skeleton
  1039 | D:1      | You fall into a shaft and drop 1 floor!
  1500 | D:2      | Found a sparkling altar of Nemelex Xobeh.
  1889 | D:2      | Reached XP level 4. HP: 35/35 MP: 0/5
  2597 | D:3      | Found Huttazogg's Book Emporium.
  2913 | D:3      | Found an ancient bone altar of Kikubaaqudgha.
  3153 | D:4      | Found a burning altar of Makhleb.
  3160 | D:4      | Reached skill level 5 in Fire Magic
  3230 | D:4      | Reached XP level 5. HP: 41/41 MP: 3/6
  3278 | D:4      | Learned a level 3 spell: Vampiric Draining
  3563 | D:5      | Entered Level 5 of the Dungeon
  3732 | D:5      | Found a blossoming altar of Fedhas.
  3757 | D:5      | Reached skill level 3 in Long Blades
  3757 | D:5      | Reached skill level 1 in Shields
  3757 | D:5      | Reached skill level 1 in Necromancy
  3972 | D:5      | Gained mutation: You are partially covered in slimy green
                  | scales. (AC +2) [demonic ancestry]
  3972 | D:5      | Reached XP level 6. HP: 47/47 MP: 4/7
  4093 | D:5      | Found a staircase to the Ecumenical Temple.
  4250 | D:5      | Noticed an ice beast
  4266 | D:5      | Killed an ice beast
  5177 | D:6      | Gained mutation: You have razor-sharp toenails. [demonic
                  | ancestry]
  5177 | D:6      | Reached XP level 7. HP: 53/53 MP: 1/8
  5770 | D:6      | Reached skill level 4 in Long Blades
  6341 | D:6      | Gained mutation: You are mostly covered in slimy green
                  | scales. (AC +3) [demonic ancestry]
  6341 | D:6      | Reached XP level 8. HP: 61/61 MP: 2/9
  6520 | D:6      | Found an opulent altar of Gozag.
  6551 | D:7      | Reached skill level 1 in Armour
  7135 | D:7      | Reached skill level 5 in Fighting
  7135 | D:7      | Reached skill level 5 in Long Blades
  7650 | D:7      | Identified 2 scrolls of acquirement
  7704 | D:7      | Acquired an amulet of regeneration
  7712 | D:7      | Acquired 1237 gold pieces
  7739 | D:7      | Noticed a troll
  7746 | D:7      | Killed a troll
  7747 | D:7      | Reached skill level 5 in Necromancy
  7889 | D:3      | Bought a book of Misfortune for 312 gold pieces
  7889 | D:3      | Bought a book of Spatial Translocations for 312 gold pieces
  7889 | D:3      | Bought Ozocubu's Autobiography for 288 gold pieces
  7889 | D:3      | Bought the Reference Book on Bewitchment for 312 gold
                  | pieces
  7889 | D:3      | Bought a book of Maledictions for 168 gold pieces
  7892 | D:3      | Learned a level 2 spell: Blink
  7971 | D:7      | Reached skill level 6 in Long Blades
  8105 | D:7      | Gained mutation: You are partially covered in sharp spines.
                  | [demonic ancestry]
  8105 | D:7      | Reached XP level 9. HP: 69/69 MP: 5/10
  8256 | D:7      | Noticed Dowan
  8256 | D:7      | Noticed Duvessa
  8276 | D:7      | Killed Duvessa
  8276 | D:7      | Killed Dowan
  8277 | D:7      | Reached skill level 1 in Translocations
  8370 | D:7      | Noticed an ice statue
  8694 | D:8      | Found a radiant altar of Vehumet.
  9077 | D:8      | Reached skill level 7 in Long Blades
  9421 | D:8      | Found a snail-covered altar of Cheibriados.
  9862 | D:9      | Noticed a two-headed ogre
  9876 | D:9      | Killed a two-headed ogre
  9877 | D:9      | Reached XP level 10. HP: 62/77 MP: 7/11
  9948 | D:9      | Reached skill level 8 in Long Blades
 10279 | D:9      | Noticed Maurice
 10279 | D:9      | Paralysed by Maurice for 4 turns
 10289 | D:9      | Killed Maurice
 10375 | D:9      | Noticed a two-headed ogre
 10429 | D:9      | Killed a two-headed ogre
 10430 | D:9      | Reached skill level 5 in Armour
 10967 | D:10     | Entered Level 10 of the Dungeon
 10989 | D:10     | Learned a level 3 spell: Ozocubu's Armour
 11021 | D:10     | Found a hide-covered altar of Uskayaw.
 11073 | D:10     | Reached skill level 9 in Long Blades
 11082 | D:10     | Noticed a manticore
 11238 | D:10     | Killed a manticore
 12104 | D:8      | Reached XP level 11. HP: 77/86 MP: 9/12
 12387 | D:10     | Noticed a two-headed ogre
 12474 | D:10     | Reached skill level 5 in Translocations
 12494 | D:10     | Killed a two-headed ogre
 12778 | D:10     | Found a staircase to the Orcish Mines.
 12847 | D:10     | Learned a level 3 spell: Inner Flame
 13271 | D:10     | Reached skill level 10 in Long Blades
 13464 | D:11     | Noticed a four-headed hydra
 13528 | D:10     | Learned a level 3 spell: Tukima's Dance
 13793 | D:11     | Reached skill level 1 in Dodging
 13793 | D:11     | Reached skill level 1 in Hexes
 13881 | D:11     | Noticed a two-headed ogre
 13991 | Orc:1    | Entered Level 1 of the Orcish Mines
 14377 | Orc:1    | Noticed an orc knight
 14395 | Orc:1    | Noticed Josephine
 14620 | D:10     | Killed a one-headed hydra
 14900 | D:11     | Killed a two-headed ogre
 15007 | D:11     | Noticed Harold
 15278 | D:11     | Killed Harold
 15279 | D:11     | Reached skill level 11 in Long Blades
 15506 | D:11     | Found a staircase to the Lair.
 15654 | D:11     | Found Migrur's Overcharged Wands.
 15918 | D:12     | Gained mutation: You are mostly covered in sharp spines.
                  | [demonic ancestry]
 15918 | D:12     | Reached XP level 12. HP: 69/95 MP: 3/15
 16031 | D:12     | Identified the +3 long sword "Yrpheufri" {holy, *Corrode
                  | rC+ rN+ Str+2}
 16169 | D:12     | Found a gate leading to a gauntlet.
 16176 | Gauntlet | Entered a Gauntlet
 16176 | Gauntlet | Noticed a tengu warrior
 16176 | Gauntlet | Found a transporter.
 16176 | Gauntlet | Found a transporter.
 16180 | Gauntlet | Noticed a tengu warrior
 16269 | Gauntlet | Found a runed translucent door.
 16280 | Gauntlet | Found a transporter.
 16284 | Gauntlet | Found a transporter.
 16296 | Gauntlet | Found a transporter.
 16297 | Gauntlet | Found a transporter.
 16312 | Gauntlet | Found a transporter.
 16313 | Gauntlet | Noticed a catoblepas
 16320 | Gauntlet | Found a transporter.
 16334 | Gauntlet | Found a transporter.
 16338 | Gauntlet | Found a transporter.
 16340 | Gauntlet | Found a runed translucent door.
 16342 | Gauntlet | Found a runed translucent door.
 16346 | Gauntlet | Found a transporter.
 16350 | Gauntlet | Found a transporter.
 16652 | Gauntlet | Identified the -6 hat of Henotheism {Harm *Slow Str+3}
 16716 | Gauntlet | Noticed a minotaur
 16726 | Gauntlet | Killed a minotaur
 17119 | D:11     | Bought a wand of digging (15) for 646 gold pieces
 17194 | Lair:1   | Entered Level 1 of the Lair of Beasts
 17269 | Lair:1   | Reached skill level 12 in Long Blades
 17420 | Lair:1   | Reached skill level 5 in Hexes
 17720 | Lair:1   | Noticed a five-headed hydra
 17727 | Lair:1   | Reached skill level 13 in Long Blades
 17734 | Lair:1   | Killed a two-headed hydra
 18668 | Lair:2   | Noticed a seven-headed hydra
 18685 | Lair:2   | Killed a five-headed hydra
 18828 | Lair:2   | Noticed a five-headed hydra
 18837 | Lair:2   | Killed a four-headed hydra
 18838 | Lair:2   | Reached skill level 14 in Long Blades
 18838 | Lair:2   | Gained mutation: A meltable shield of frost defends you.
                  | (SH +4) [demonic ancestry]
 18838 | Lair:2   | Reached XP level 13. HP: 94/101 MP: 8/16
 19250 | Lair:2   | Acquired the +5 double sword of Death's Door {pain, Int-5
                  | Dex+3}
 19851 | Lair:3   | Found a staircase to the Shoals.
 19963 | Lair:3   | Found a staircase to the Snake Pit.
 19972 | Lair:3   | Reached skill level 5 in Dodging
 21623 | Lair:4   | Reached skill level 10 in Fighting
 21818 | Lair:4   | Found a basalt altar of Yredelemnul.
 21951 | Lair:4   | Learned a level 1 spell: Apportation
 22707 | Lair:5   | Found a dark tunnel.
 22716 | Volcano  | Entered a volcano
 22874 | Volcano  | Found a burning altar of Makhleb.
 22901 | Volcano  | Acquired 1336 gold pieces
 22926 | Volcano  | Found a bloodstained altar of Trog.
 23998 | Lair:6   | Entered Level 6 of the Lair of Beasts
 24131 | Lair:5   | Gained mutation: A meltable icy envelope protects you from
                  | harm. (AC +4) [demonic ancestry]
 24131 | Lair:5   | Reached XP level 14. HP: 70/115 MP: 14/17
 24343 | Lair:6   | Found a viscous altar of Jiyva.
 24344 | Lair:6   | Found a staircase to the Slime Pits.
 24364 | Lair:6   | Reached skill level 10 in Dodging
 25723 | Lair:6   | Reached skill level 10 in Armour
 26238 | Orc:1    | Killed Josephine
 26339 | Orc:1    | Found Izuhac's Book Shop.
 26563 | Orc:2    | Entered Level 2 of the Orcish Mines
 26604 | Orc:2    | Noticed Sonja
 26619 | Orc:1    | Killed Sonja
 26859 | Orc:2    | Found a staircase to the Elven Halls.
 27520 | Orc:2    | Paralysed by an orc sorcerer for 2 turns
 27578 | Orc:2    | Found Udghagh's Antique Armour Boutique.
 27603 | Orc:2    | Bought a pair of encrusted gloves for 247 gold pieces
 27603 | Orc:2    | Identified the +1 pair of gloves of the Gloaming {rC+
                  | Dex+2} (You bought it in a shop on level 2 of the Orcish
                  | Mines)
 27621 | Orc:2    | Bought a translucent ring mail for 234 gold pieces
 27621 | Orc:2    | Identified the +4 ring mail of Boklin {Rampage Dex+3} (You
                  | bought it in a shop on level 2 of the Orcish Mines)
 27623 | Orc:2    | Bought a jewelled plate armour for 728 gold pieces
 27623 | Orc:2    | Identified the +5 plate armour "Atoof" {rF+ Regen+} (You
                  | bought it in a shop on level 2 of the Orcish Mines)
 27642 | Orc:2    | Found an ancient bone altar of Kikubaaqudgha.
 27697 | Orc:2    | Found Noicw's Jewellery Boutique.
 27719 | Orc:2    | Cast into level 3 of the Abyss (ogre mage)
 27775 | Abyss:3  | Noticed a lich
 27781 | Abyss:3  | Found a corrupted altar of Lugonu.
 27786 | Abyss:3  | Fell from the grace of Ignis
 27786 | Abyss:3  | Became a worshipper of Lugonu the Unformed
 27786 | Abyss:3  | Reached * piety under Lugonu
 27787 | Abyss:3  | Noticed a purple draconian annihilator
 27788 | Abyss:3  | Noticed a starcursed mass
 27788 | Orc:2    | Escaped the Abyss
 27814 | Orc:2    | Cast into level 2 of the Abyss (ogre mage)
 27825 | Orc:2    | Escaped the Abyss
 27829 | Orc:2    | Paralysed by something for 7 turns
 28027 | Orc:2    | Found Jujaashahal's Distillery.
 28034 | Orc:2    | Bought a potion of haste for 120 gold pieces
 28034 | Orc:2    | Bought a potion of heal wounds for 60 gold pieces
 28034 | Orc:2    | Bought 2 potions of haste for 240 gold pieces
 28034 | Orc:2    | Bought a potion of heal wounds for 60 gold pieces
 28034 | Orc:2    | Bought a potion of might for 48 gold pieces
 28034 | Orc:2    | Bought a potion of cancellation for 96 gold pieces
 28052 | Orc:2    | Found a radiant altar of Vehumet.
 28100 | Orc:2    | Found Nasy's Antique Armour Shop.
 28481 | Orc:1    | Noticed Erolcha
 28481 | Orc:1    | Noticed an orc warlord
 28519 | Orc:2    | Killed an orc warlord
 28530 | Orc:2    | Killed Erolcha
 28531 | Orc:2    | Gained mutation: You have claws for feet. [demonic
                  | ancestry]
 28531 | Orc:2    | Reached XP level 15. HP: 77/120 MP: 1/18
 29139 | D:13     | Reached skill level 1 in Invocations
 29482 | D:13     | Found a gate to the Vaults.
 29765 | D:13     | Reached skill level 5 in Invocations
 29837 | D:13     | HP: 5/120 [meliai/divine providence (15)]
 30457 | D:14     | Reached ** piety under Lugonu
 31125 | D:15     | Entered Level 15 of the Dungeon
 31258 | D:15     | Found a staircase to the Depths.
 31729 | D:15     | Found an opulent altar of Gozag.
 31989 | D:11     | You fall into a shaft and drop 2 floors!
 32132 | Snake:1  | Entered Level 1 of the Snake Pit
 32691 | Snake:1  | Reached skill level 15 in Long Blades
 32741 | Snake:1  | Reached *** piety under Lugonu
 33641 | Snake:2  | Was forgiven by Ignis
 33676 | Snake:2  | Reached skill level 16 in Long Blades
 33678 | Snake:2  | Noticed a nagaraja
 33687 | Snake:2  | Killed a nagaraja
 33864 | Snake:3  | Found a burning altar of Makhleb.
 33894 | Snake:3  | Reached XP level 16. HP: 123/127 MP: 23/23
 33903 | Snake:3  | Reached skill level 10 in Invocations
 34174 | Orc:2    | Bought the ring of Diocasad {rN+ Int+2 Dex+6 SInv} for 1015
                  | gold pieces
 34478 | Snake:3  | Reached **** piety under Lugonu
 34773 | Snake:3  | Learned a level 5 spell: Manifold Assault
 34853 | Snake:3  | Noticed Aizul
 34863 | Snake:3  | Killed Aizul
 35361 | Snake:4  | Entered Level 4 of the Snake Pit
 35485 | Snake:3  | Reached skill level 5 in Spellcasting
 35492 | Snake:3  | Learned a level 5 spell: Silence
 35644 | Snake:4  | Found a frozen archway.
 35656 | IceCv    | Entered an ice cave
 36043 | IceCv    | Killed from afar by an ironbound frostheart

Illustrated notes

Levels and vault maps discovered:
D:1:      saegor_arrival_simple_c, layout_basic,
          shapermc_ecumenical_altar_notcrosses, columned_hall_lemuel
D:2:      layout_rooms, basic_altar, glass_columns_b
D:3:      layout_loops_ring, mainiacjoe_overflow_six_doors_small,
          mainiacjoe_overflow_alcove_1, serial_shops, shop
D:4:      layout_rooms, lemuel_tele_altar
D:5:      layout_layer_cave, overflow_temple_1_default,
          minmay_temple_entry_glass
D:6:      layout_rooms, pdpol_temple_overflow_zin_treasury_gozag_greed
D:7:      lemuel_ice_statue, layout_loops_cross, minmay_fractal_squares_5,
          uniq_duvessa
D:8:      layout_basic, old_standard_altar, cheibriados_altar_1,
          interstate_on_off, hangedman_decor_growths
D:9:      layout_roguey, serial_rivers, chequers_serial_rivers_small_3,
          chequers_serial_rivers_micro_e, chequers_serial_rivers_micro_d,
          chequers_serial_rivers_small_3, chequers_arboretum,
          amcnicky_mini_corridor_feature, uniq_maurice
D:10:     layout_roguey [special_room_orc], mainiacjoe_overflow_small_starburst,
          kennysheep_orc_monster_closet_entryway, serial_undead,
          serial_undead_a, serial_undead_d, serial_undead_c, serial_undead_d,
          serial_undead_d
D:11:     layout_gridville, david_lair_shrubbed, nicolae_shop_overcharged_wands,
          uniq_harold
D:12:     layout_rooms, gauntlet_entry_generic
D:13:     layout_irregular_city, david_vaults_2
D:14:     layout_basic, serial_park_tiny_pond
D:15:     hangedman_depths_entry_civil_slaughter, layout_cave_pools,
          grunt_gozag_breadcrumbs
Lair:1:   layout_small_grid, minivault_23, st_stairs_6, grunt_megastairs_3,
          serial_bayou_shore_a
Lair:2:   layout_chaotic_city, st_stairs_6, wad_woods_road_01
Lair:3:   layout_chaotic_city, shoals_dummy_entry, guppyfry_snake_entry_island,
          nicolae_quartered_pool_super, minmay_lair_oklob_items,
          serial_bayou_shore_b
Lair:4:   layout_roguey, lemuel_oklob_altar
Lair:5:   layout_regular_city, nicolae_volcano_entry_lava_flow,
          grunt_megastairs_4
Lair:6:   minmay_lair_end_enchanted_forest, layout_misc_corridors,
          slime_altar_1, infiniplex_staircase_pool_2, grunt_megastairs_5
Snake:1:  layout_onion_interference
Snake:2:  layout_misc_corridors
Snake:3:  layout_grid_maze, basic_altar, uniq_aizul
Snake:4:  johnstein_snake_rune_scales, layout_misc_corridors,
          portal_ice_cave_entry_pillars_three, lemuel_fruit_tree
Orc:1:    layout_caves, basic_altar, serial_shops, shop, uniq_josephine,
          uniq_erolcha
Orc:2:    kennysheep_orc_mage_school, layout_caves, uniq_sonja
IceCv:    ice_cave_small_giant

Skill      XL: |  1  2  3  4  5  6  7  8  9 10 11 12 13 14 15 16 |
---------------+-------------------------------------------------+-----
Fire Magic     | 3 4 5 |  5.0
Long Blades    | 3 4 6 7 9 11 14 16 | 16.0
Shields        | 1 3 4 |  4.0
Necromancy     | 1 2 3 5 |  5.0
Fighting       | 4 5 6 8 9 12 | 12.0
Armour         | 2 4 5 6 7 11 12 | 12.0
Translocations | 3 4 5 6 |  6.2
Spellcasting   | 2 5 |  5.2
Dodging        | 3 4 9 12 | 12.0
Hexes          | 3 5 6 |  6.5
Invocations    | 9 10 | 10.3

Action                   |  1- 3 |  4- 6 |  7- 9 | 10-12 | 13-15 | 16-18 || total
-------------------------+-------+-------+-------+-------+-------+-------++-------
Melee: Falchion          |    72 |    47 |   147 |   517 |   959 |       ||  1742
       Kick              |     8 |    12 |    36 |   117 |   137 |    58 ||   368
       Double sword      |       |       |       |       |   407 |   189 ||   596
Throw: Stone             |       |       |       |     1 |       |       ||     1
 Cast: Scorch            |    17 |    40 |   102 |   257 |   194 |     2 ||   612
       Vampiric Draining |       |       |       |     1 |       |       ||     1
       Tukima's Dance    |       |       |       |     9 |     5 |       ||    14
       Animate Skeleton  |       |       |       |     4 |    52 |     4 ||    60
       Inner Flame       |       |       |       |     3 |    33 |     1 ||    37
       Blink             |       |       |       |     1 |       |       ||     1
Invok: Foxfire Swarm     |       |     1 |     9 |     1 |       |       ||    11
       Depart the Abyss  |       |       |       |       |     1 |       ||     1
Evoke: Wand              |       |       |     5 |    15 |    13 |     2 ||    35
       Lightning rod     |       |       |       |       |     5 |       ||     5
  Use: Scroll            |       |    13 |    12 |     7 |     7 |     1 ||    40
       Potion            |       |     1 |     4 |     5 |     7 |     3 ||    20
 Stab: Paralysed         |       |       |       |     3 |       |       ||     3
       Sleeping          |       |       |       |       |     1 |       ||     1
       Distracted        |       |       |       |       |     1 |       ||     1
       Invisible         |       |       |       |       |     1 |       ||     1
Armor: Ring mail         |    28 |    17 |    63 |    97 |       |       ||   205
       Robe              |     1 |       |       |       |       |       ||     1
       Skin              |       |       |    12 |       |    15 |       ||    27
       Troll leather arm |       |       |       |   169 |   329 |       ||   498
       Swamp dragon scal |       |       |       |       |    84 |    49 ||   133
       Ice dragon scales |       |       |       |       |       |    36 ||    36
Dodge: Dodged            |    55 |    29 |   118 |   300 |   625 |   159 ||  1286
Block: Buckler           |       |       |    45 |   136 |   445 |    94 ||   720

Table legend: (Time is in decaauts)
 A = Elapsed time spent in this place.
 B = Non-inter-level travel time spent in this place.
 C = Inter-level travel time spent in this place.
 D = Time resting spent in this place.
 E = Time spent auto-exploring this place.
 F = Levels seen in this place.
 G = Mean time per level.
                   A        B        C        D        E       F      G
               +--------+--------+--------+--------+--------+-----+--------+
         Total |  35532 |  32958 |   2574 |   6371 |  19599 |  32 | 1110.4 |
       Dungeon |  19605 |  18052 |   1553 |   3516 |  11179 |  15 | 1307.0 |
          Lair |   8508 |   8072 |    436 |   1111 |   5291 |   6 | 1418.0 |
     Snake Pit |   3069 |   2815 |    254 |    302 |   1910 |   4 |  767.2 |
  Orcish Mines |   3132 |   2803 |    329 |   1042 |    894 |   2 | 1566.0 |
         Abyss |     77 |     77 |      0 |     39 |      4 |   2 |   38.5 |
      Ice Cave |    360 |    360 |      0 |    172 |     27 |   1 |  360.0 |
       Volcano |    221 |    221 |      0 |      7 |     75 |   1 |  221.0 |
      Gauntlet |    558 |    558 |      0 |    182 |    217 |   1 |  558.0 |
               +--------+--------+--------+--------+--------+-----+--------+

Top non-repeatable levels by time:
    D:10: 3077 daAuts
     D:5: 2314 daAuts
   Orc:2: 2068 daAuts
  Lair:6: 1663 daAuts
  Lair:1: 1651 daAuts
  Lair:3: 1648 daAuts
     D:9: 1632 daAuts
     D:7: 1592 daAuts
    D:11: 1495 daAuts
     D:6: 1433 daAuts
  Lair:5: 1272 daAuts
 Snake:3: 1223 daAuts
  Lair:4: 1176 daAuts
    D:13: 1165 daAuts
  Lair:2: 1097 daAuts
